 Dungeon Crawl Stone Soup version 0.29-a0-1033-gb6c65ffae6 (webtiles) character file.

Game seed: 7291995675406949971

4 ragingrage the Magician (level 1, 0/13 HPs)
             Began as a Merfolk Wanderer on Aug 14, 2022.
             Slain by a bat (1 damage)
             ... on level 1 of the Dungeon.
             The game lasted 00:00:21 (233 turns).

ragingrage the Magician (Merfolk Wanderer)           Turns: 233, Time: 00:00:22

Health: 0/13       AC:  2    Str: 12    XL:     1   Next: 60%
Magic:  5/5        EV: 12    Int: 14    God:
Gold:   1          SH:  4    Dex: 10    Spells: 7/8 levels left

rFire   . . .      SeeInvis .   a - +0 club
rCold   . . .      Faith    .   d - +0 buckler
rNeg    . . .      Spirit   .   c - +0 robe
rPois   .          Reflect  .   (no helmet)
rElec   .          Harm     .   (no cloak)
rCorr   .          Rampage  .   (no gloves)
Will    .....                   (no boots)
Stlth   +.........              (no amulet)
HPRegen 0.04/turn               (no ring)
MPRegen 0.09/turn               (no ring)

@: no status effects
A: (nimble swimmer 2), mertail
a: no special abilities


You were on level 1 of the Dungeon.
You visited 1 branch of the dungeon, and saw 1 of its levels.

You collected 1 gold pieces.

Inventory:

Hand Weapons
 a - a +0 club (weapon)
Armour
 c - a +0 robe (worn)
 d - a +0 buckler (worn)
Scrolls
 b - a scroll of teleportation


   Skills:
 + Level 2.8 Dodging
 + Level 2.1 Shields
 + Level 4.0 Spellcasting
 + Level 1.2 Poison Magic


You had 7 spell levels left.
You knew the following spells:

 Your Spells              Type           Power      Damage    Failure   Level
a - Sting                 Tmut/Pois      16%        1d3       21%         1

Your spell library contained the following spells:

 Spells                   Type           Power      Damage    Failure   Level
 Magic Dart               Conj           8%         1d3       26%         1
 Slow                     Hex            8%         N/A       26%         1
 Sublimation of Blood     Necr           2%         N/A       36%         2
 Spider Form              Tmut/Pois      4%         N/A       52%         3
 Dazzling Flash           Conj/Hex       4%         N/A       58%         3


Dungeon Overview and Level Annotations

Branches:
Dungeon (1/15)

Altars:


Innate Abilities, Weirdness & Mutations

((You are very nimble when in or above water. (Stealth+, EV+, Speed+++)))
Your lower body shifts to a powerful aquatic tail in water.


Message History

You block the bat's attack. The bat hits you but does no damage.
The bat hits you. You block the bat's attack.
The bat hits you but does no damage. The bat hits you.
* * * LOW HITPOINT WARNING * * *
The bat barely misses you. The bat hits you but does no damage.
The bat hits you.
* * * LOW HITPOINT WARNING * * *
The bat misses you. You block the bat's attack. The bat barely misses you.
The bat misses you. The bat barely misses you. You block the bat's attack.
You block the bat's attack. The bat closely misses you.
The bat closely misses you. The bat misses you.
The bat hits you but does no damage. The bat misses you.
The bat barely misses you. The bat hits you but does no damage.
The bat completely misses you. The bat hits you.
* * * LOW HITPOINT WARNING * * *
You block the bat's attack. The bat hits you but does no damage.
The bat misses you. The bat hits you but does no damage.
The bat completely misses you. The bat misses you. You block the bat's attack.
The bat barely misses you. The bat barely misses you.
The bat hits you but does no damage. The bat hits you.
* * * LOW HITPOINT WARNING * * *
The bat closely misses you. You block the bat's attack.
The bat hits you but does no damage. The bat barely misses you.
The bat closely misses you. The bat hits you.
You die...

#..# #?##. #.≈. #≈.# .
#≈.# ###. ... ## ..≈ #.#
... ..# #.####. ..# #..
#####..#≈# #.# #.#
##.#..##..# #.###.#
#.#.##.##.#
...##.@.#####.#.#..###.
......b....#.###.#.###.#
#....###†#.#.##.##.#..#.
##.# #.#.#.#..#.##..## #
#.....#.#≈#.#....
###.#)##..#.#..≈.
#.#†##.#.######
#.#...###...##
#.#.##..####.#


You could see a bat.

Vanquished Creatures
  A giant cockroach (D:1)
  A jackal (D:1)
  A ball python (D:1)
  A goblin (D:1)
4 creatures vanquished.

Notes
Turn   | Place    | Note
-------+----------+-------------------------------------------
     0 | D:1      | ragingrage the Merfolk Wanderer began the quest for the
                  | Orb.
     0 | D:1      | ragingrage set off with the following items: a +0 club, a
                  | scroll of teleportation, a +0 robe, a +0 buckler; and the
                  | following spells available to memorise: Sting, Magic Dart,
                  | Slow, Sublimation of Blood, Spider Form, Dazzling Flash.
     0 | D:1      | Reached XP level 1. HP: 13/13 MP: 5/5
     2 | D:1      | Learned a level 1 spell: Sting
   233 | D:1      | Slain by a bat

Illustrated notes

Levels and vault maps discovered:
D:1:      dpeg_arrival_brainrot, layout_loops_ring,
          dreamdust_ecumenical_altar_sealed_demon

Action                   || total
-------------------------++-------
Melee: Club              ||    16
 Cast: Sting             ||     5
Armor: Robe              ||    31
Dodge: Dodged            ||    66
Block: Buckler           ||    25

Table legend: (Time is in decaauts)
 A = Elapsed time spent in this place.
 B = Non-inter-level travel time spent in this place.
 C = Inter-level travel time spent in this place.
 D = Time resting spent in this place.
 E = Time spent auto-exploring this place.
 F = Levels seen in this place.
 G = Mean time per level.
                   A        B        C        D        E       F      G
               +--------+--------+--------+--------+--------+-----+--------+
         Total |    239 |    239 |      0 |      0 |    103 |   1 |  239.0 |
       Dungeon |    239 |    239 |      0 |      0 |    103 |   1 |  239.0 |
               +--------+--------+--------+--------+--------+-----+--------+

Top non-repeatable levels by time:
     D:1: 239 daAuts
